 Dungeon Crawl Stone Soup version 0.14-a0-3247-g5fd345f (webtiles) character file.

217 pacovf the Skirmisher (level 4, -4/37 HPs)
             Began as a Demonspawn Abyssal Knight on Mar 12, 2014.
             Was a Priest of Lugonu.
             Slain by Crazy Yiuf
             ... wielding a +2,+3 quarterstaff of chaos
              (12 damage)
             ... on Level 3 of the Dungeon.
             The game lasted 00:18:31 (2885 turns).

pacovf the Skirmisher (Demonspawn Abyssal Knight)   Turns: 2885, Time: 00:18:31

HP  -4/37        AC  3     Str 12      XL: 4   Next: 88%
MP   6/6         EV  7     Int 14      God: Lugonu [***...]
Gold 88          SH 14     Dex 13      Spells:  0 memorised,  3 levels left

rFire  . . .     SeeInvis .     a - +1 mace
rCold  . . .     Clarity  .     i - +0 leather armour
rNeg   . . .     Conserve +     p - +0 shield
rPois  .         rCorr    .     (no helmet)
rElec  .         rRot     .     (no cloak)
SustAb . .       Spirit   .     (no gloves)
rMut   .         Warding  .     (no boots)
Saprov . . .     Stasis   .     o - amulet of conservation {unknown}
MR     .....                    (no ring)
                                (no ring)

@: invisible, lethally poisoned, very slightly contaminated, not resistant to
hostile enchantments, very unstealthy
A: talons 2
a: Depart the Abyss, Bend Space, Banish, Renounce Religion


You were on level 3 of the Dungeon.
You worshipped Lugonu.
Lugonu was most pleased with you.
You were not hungry.

You visited 1 branch of the dungeon, and saw 3 of its levels.
You visited the Abyss 1 time.

You collected 88 gold pieces.

Inventory:

Hand weapons
 a - a +1,+1 mace (weapon)
Missiles
 n - 18 darts (quivered)
Armour
 b - a +0 leather armour
 f - a +0 pair of boots
 i - a +0 leather armour (worn)
 p - a +0 shield (worn)
Comestibles
 c - a bread ration
 r - a meat ration
Scrolls
 d - 4 scrolls of remove curse
 g - 3 scrolls of enchant armour {unknown}
 k - 2 scrolls of noise {unknown}
 l - a scroll of random uselessness {unknown}
 q - 2 scrolls of teleportation {unknown}
 t - a scroll of amnesia {unknown}
Jewellery
 o - an amulet of conservation (around neck) {unknown}
Potions
 e - a potion of confusion {unknown}
 h - 4 potions of heal wounds {unknown}
 j - 4 potions of curing {unknown}
 m - a potion of decay {unknown}


   Skills:
 + Level 3.9 Fighting
 * Level 3.4 Maces & Flails
 + Level 2.2 Armour
 - Level 1.0 Dodging
 + Level 0.3 Shields
 - Level 3.0 Invocations


You had 3 spell levels left.
You didn't know any spells.

Dungeon Overview and Level Annotations

Branches:
Dungeon (3/15)

Altars:

Annotations:
D:3 Crazy Yiuf


Innate Abilities, Weirdness & Mutations

You have razor-sharp toenails.


Message History

Press: ? - help, Shift-Dir - straight line, f - Crazy Yiuf
Aim: Crazy Yiuf, wielding a quarterstaff of chaos and wearing a cloak You throw a steel dart.
The steel dart hits Crazy Yiuf.
Throwing (i - inventory. (,) - cycle):
s - a steel dart (quivered)
Press: ? - help, Shift-Dir - straight line, f/p - Crazy Yiuf
Aim: Crazy Yiuf, wielding a quarterstaff of chaos and wearing a cloak You throw a steel dart.
The steel dart misses Crazy Yiuf.
Crazy Yiuf drinks a potion.
Crazy Yiuf flickers and vanishes!
Deactivating autopickup; reactivate with Ctrl-A.
Something hits you!
You fade into invisibility!
You are very lightly contaminated with residual magic.
You closely miss something. You claw something. Something hits you!
You are poisoned.
You closely miss something.
You feel sick. Something hits you.
* * * LOW HITPOINT WARNING * * *
You barely miss something.
* * * LOW HITPOINT WARNING * * *
You feel sick. Something hits you but does no damage. Something hits you!
You die...

g.
#.#####.%..
.
##.)........
.
#....#######
♣♣. #....#
♣♣♣.♣ #...>+
♣♣♣.♣♣
#....#
♣♣(♣♣♣♣
#....#
♣♣♣.♣♣♣♣
#....#
♣♣{.@♣♣♣
#....#
♣♣....♣♣
##.###
###..### #.#
#....# #.#
##...#####.#
##........#
##########


There were no monsters in sight!

Vanquished Creatures
  6 adders
  A giant mite (D:2)
  A worm (D:2)
  2 giant geckos
  An ooze (D:1)
  4 ball pythons
  A giant cockroach (D:2)
  8 hobgoblins
  3 jackals (D:1)
  10 kobolds
  12 bats
  3 giant newts
  6 goblins
  4 rats
62 creatures vanquished.

Notes
Turn   | Place    | Note
--------------------------------------------------------------
     0 | Abyss:1  | pacovf, the Demonspawn Abyssal Knight, began the quest for the Orb.
     0 | Abyss:1  | Reached XP level 1. HP: 18/18 MP: 1/1
    17 | Abyss:1  | Found a corrupted altar of Lugonu.
    49 | D:1      | Escaped the Abyss
   291 | D:1      | Gained mutation: You have sharp toenails. [demonic ancestry]
   291 | D:1      | Reached XP level 2. HP: 24/24 MP: 2/2
   902 | D:1      | Acquired Lugonu's second power
   991 | D:1      | Reached XP level 3. HP: 22/29 MP: 4/4
  1914 | D:2      | Reached skill level 1 in Dodging
  2008 | D:2      | Gained mutation: You have razor-sharp toenails. [demonic ancestry]
  2008 | D:2      | Reached XP level 4. HP: 26/36 MP: 6/6
  2010 | D:2      | Acquired Lugonu's third power
  2873 | D:3      | Noticed Crazy Yiuf
  2885 | D:3      | Slain by Crazy Yiuf

Action                   |  1- 3 |  4- 6 || total
-------------------------+-------+-------++-------
Melee: Mace              |   118 |    54 ||   172
Throw: Dart              |     3 |     9 ||    12
  Use: Scroll            |     1 |       ||     1
